 Dungeon Crawl Stone Soup version 0.31.0-32-g396128a36d (webtiles) character file.

Game seed: 4024923420929073087

21795 Silvore the Bludgeoner (level 12, -9/110 HPs)
             Began as a Minotaur Fighter on Mar 10, 2024.
             Was a High Priest of the Shining One.
             Mangled by a skeletal warrior
             ... wielding a +0 flail
              (22 damage)
             ... on level 12 of the Dungeon.
             The game lasted 00:10:58 (10666 turns).

Silvore the Bludgeoner (Minotaur Fighter)          Turns: 10666, Time: 00:10:58

Health: -9/110     AC: 13    Str: 41    XL:     12   Next: 57%
Magic:  11/11      EV: 18    Int:  5    God:    the Shining One [*****.]
Gold:   702        SH:  7    Dex: 10    Spells: 11/11 levels left

rFire   . . .        B - +9 flail
rCold   . . .        c - +1 buckler
rNeg    + + .        L - +3 scale mail of Infinity {*Corrode rPois Str+9}
rPois   +            (helmet restricted)
rElec   .            s - scarf {repulsion}
rCorr   .            (no gloves)
SInv    .            z - +0 pair of boots
Will    .....        (no amulet) Stlth
                     e - +6 ring of strength
HPRegen 0.38/turn    i - +5 ring of evasion
MPRegen 0.12/turn

%: corrode self (3%), repel missiles
@: mighty, glowing
A: horns 2, retaliatory headbutt
a: Renounce Religion, Divine Shield, Cleansing Flame, Summon Divine Warrior


You were on level 12 of the Dungeon.
You worshipped the Shining One.
The Shining One was extremely pleased with you.
You visited 2 branches of the dungeon, and saw 13 of its levels.

You collected 702 gold pieces.

Inventory:

Hand Weapons
 a - a +1 flail
 B - a +9 flail (weapon)
 I - a +5 heavy shortbow
 O - a +0 morningstar
Missiles
 l - 3 throwing nets (quivered)
Armour
 b - a +0 scale mail
 c - a +1 buckler (worn)
 s - a scarf of repulsion (worn)
 z - a +0 pair of boots (worn)
 L - the +3 scale mail of Infinity (worn) {*Corrode rPois Str+9}
   (You found it on level 9 of the Dungeon)

   Str+9:     It affects your strength (+9).
   rPois:     It protects you from poison *Corrode: It may corrode you when you
   take damage.
Jewellery
 e - a +6 ring of strength (left hand)
 i - a +5 ring of evasion (right hand)
 u - a ring of magical power
 E - a ring of protection from cold
 F - a ring of resist corrosion
 H - a ring of protection from cold
 J - an amulet of the acrobat
 P - the ring "Woso" {rF+ rN+ Str+6 Stlth+}
   (You found it on level 10 of the Dungeon)

   [ring of strength]

   Str+6:     It affects your strength (+6).
   rF+:       It protects you from fire.
   rN+:       It protects you from negative energy.
   Stlth+:    It makes you more stealthy.
Wands
 j - a wand of flame (28)
 k - a wand of mindburst (21)
 m - a wand of digging (7)
 D - a wand of polymorph (9)
Scrolls
 g - 9 scrolls of teleportation
 n - 2 scrolls of amnesia
 q - 2 scrolls of immolation
 r - a scroll of fog
 v - a scroll of revelation
 w - a scroll of enchant weapon
 y - 3 scrolls of fear
 M - a scroll of identify
 N - a scroll of enchant armour
Potions
 d - a potion of might
 f - 3 potions of degeneration
 h - 3 potions of heal wounds
 o - 4 potions of enlightenment
 p - 5 potions of resistance
 t - 2 potions of mutation
 x - 2 potions of ambrosia
 A - 2 potions of curing
 C - 2 potions of haste
 K - 2 potions of attraction
Miscellaneous
 G - a phial of floods


   Skills:
 + Level 11.6 Fighting
 + Level 15.2 Maces & Flails
 + Level 11.8 Armour
 + Level 7.6 Dodging
 + Level 1.7 Stealth
 + Level 10.3 Shields
 + Level 0.3 Invocations


You had 11 spell levels left.
You didn't know any spells.
Your spell library contained the following spells:

 Spells                   Type           Power      Damage    Failure   Level
 Apportation              Tloc           0%         N/A       65%         1
 Shock                    Conj/Air       0%         1d3       65%         1
 Call Imp                 Summ           0%         N/A       80%         2
 Sublimation of Blood     Necr           0%         N/A       80%         2
 Swiftness                Air            0%         N/A       95%         3
 Airstrike                Air            0%         2d(0-16)  100%        4
 Summon Hydra             Summ           0%         N/A       100%        7


Dungeon Overview and Level Annotations

Branches:
Dungeon (12/15)            Temple (1/1) D:7            Lair (0/5) D:11
    Orc (0/2) D:12

Altars:
Ashenzari
Cheibriados
Dithmenos
Elyvilon
Fedhas
Gozag
Hepliaklqana
Kikubaaqudgha
Makhleb
Nemelex Xobeh
Okawaru
Qazlal
Ru
Sif Muna
Trog
Uskayaw
Vehumet
Wu Jian
Xom
Yredelemnul
Zin
The Shining One

Shops:
D:2 (   D:5 *   D:8 ?

Annotations:
D:12 3 runed translucent doors, spaghetti's ghost, journeyman NaCK


Innate Abilities, Weirdness & Mutations

You have a pair of horns on your head.
You reflexively headbutt those who attack you in melee.


Message History

The skeletal warrior is lightly damaged.
You block the vampire mosquito's attack.
You hit the skeletal warrior but do no damage.
The skeletal warrior is lightly damaged.
The vampire mosquito bites you.
The skeletal warrior completely misses you.
You furiously retaliate!
You headbutt the skeletal warrior, but do no damage.
The skeletal warrior completely misses you.
You furiously retaliate!
You headbutt the skeletal warrior! The vampire mosquito misses you.
The skeletal warrior hits you from afar with a +0 glaive!!
The skeletal warrior barely misses you.
The skeletal warrior hits you with a +0 flail!
You hit the skeletal warrior but do no damage.
The skeletal warrior is lightly damaged.
You block the skeletal warrior's attack.
The skeletal warrior hits you with a +0 flail.
You sock the skeletal warrior!
The skeletal warrior is moderately damaged.
You sock the skeletal warrior!
The skeletal warrior is heavily damaged.
You block the skeletal warrior's attack.
The skeletal warrior hits you with a +0 flail.
You hit the skeletal warrior.
The skeletal warrior is severely damaged.
The skeletal warrior hits you with a +0 flail.
You block the skeletal warrior's attack.
You hit the skeletal warrior but do no damage.
Your headbutt misses the skeletal warrior.
The skeletal warrior is severely damaged.
You block the skeletal warrior's attack. x2
You sock the skeletal warrior!
Your headbutt misses the skeletal warrior.
The skeletal warrior is severely damaged.
You feel very mighty all of a sudden.
The skeletal warrior hits you from afar with a +0 glaive!!
* * * LOW HITPOINT WARNING * * *
The skeletal warrior hits you with a +0 flail!!
You die...

#.......# #####+#### #.......#
.........# +.......# .........#
#.......# .........# #.......#
.).......+ #..z....# .........#
#.zzy...# #####'#### #z# ##.# #@#
#..# #.## #.## ######..#
###.#####......#.######
##..............<......#
.......................# #####
(...#########..........# #...#
....#.......#..........# #.#.####
....#..###..#..........###.......


You could see 4 skeletal warriors and a vampire mosquito.

Vanquished Creatures
  5 boulder beetles
  2 two-headed ogres
  A death knight (D:9)
  A catoblepas (D:10)
  A skeletal warrior (D:9)
  An arcanist (D:9)
  2 deep elf pyromancers
  2 cyclopes
  An unseen horror (D:12)
  3 kobold demonologists (D:10)
  6 trolls
  2 hornets (D:9)
  A hornet (shapeshifter) (D:9)
  Prince Ribbit (D:9)
  2 shadows
  4 wraiths
  7 yaks
  2 wyverns (D:9)
  An unseen horror simulacrum (D:9)
  3 steam dragons
  16 vampire mosquitoes
  4 acid dragons
  7 orc warriors
  A sky beast (D:7)
  4 black bears
  An ogre (D:5)
  2 wolves (D:11)
  13 centaurs
  2 phantoms
  A bullfrog (shapeshifter) (D:9)
  8 bullfrogs
  2 kobold brigands
  2 gnoll sergeants
  4 scorpions
  16 wights
  6 killer bees (D:10)
  3 electric eels (D:11)
  4 howler monkeys
  3 bombardier beetles
  5 orc priests
  3 hounds
  2 gnoll boudas
  A sleepcap (D:8)
  2 iguanas
  16 orc wizards
  Natasha (thrice) (D:2)
  13 gnolls
  5 adders
  2 white imps
  4 ufetubi
  A ribbon worm (D:3)
  23 orcs
  2 ball pythons
  4 endoplasms
  5 giant cockroaches
  A goblin (D:2)
  8 hobgoblins
  3 quokkas
  5 bats
  2 frilled lizards
  13 kobolds
  A rat (D:2)
271 creatures vanquished.

Vanquished Creatures (others)
  A centaur (D:9)
  2 orcs
3 creatures vanquished.

Grand Total: 274 creatures vanquished

Notes
Turn   | Place    | Note
-------+----------+-------------------------------------------
     0 | D:1      | Silvore the Minotaur Fighter began the quest for the Orb.
     0 | D:1      | Reached XP level 1. HP: 19/19 MP: 0/0
   233 | D:1      | Reached XP level 2. HP: 27/27 MP: 1/1
   824 | D:2      | Noticed Natasha
   825 | D:2      | Found a faded altar of an unknown god.
   830 | D:2      | Killed Natasha
   831 | D:2      | Reached XP level 3. HP: 28/34 MP: 2/2
   841 | D:2      | Got Plato's Grimoire of Shifting
   879 | D:2      | Reached skill level 3 in Maces & Flails
   905 | D:2      | Found a white marble altar of Elyvilon.
   948 | D:2      | Became a worshipper of Elyvilon the Healer
   966 | D:2      | Found Uziu's Antique Weapon Emporium.
  1098 | D:2      | Reached XP level 4. HP: 40/41 MP: 3/3
  1125 | D:2      | Noticed Natasha
  1129 | D:2      | Killed Natasha
  1330 | D:2      | Noticed Natasha
  1337 | D:2      | Killed Natasha
  1369 | D:3      | Reached skill level 1 in Dodging
  1382 | D:3      | Reached XP level 5. HP: 33/47 MP: 4/4
  1536 | D:3      | Reached * piety under Elyvilon
  1661 | D:3      | Reached skill level 5 in Fighting
  2122 | D:4      | Reached ** piety under Elyvilon
  2405 | D:4      | Noticed a phantom
  2409 | D:4      | Reached skill level 4 in Maces & Flails
  2415 | D:4      | Killed a phantom
  2416 | D:4      | Reached skill level 5 in Armour
  2416 | D:4      | Reached XP level 6. HP: 50/56 MP: 5/5
  2702 | D:4      | Reached *** piety under Elyvilon
  2853 | D:5      | Entered Level 5 of the Dungeon
  2875 | D:5      | Reached skill level 5 in Maces & Flails
  2960 | D:5      | Reached XP level 7. HP: 12/61 MP: 6/6
  2964 | D:5      | Elyvilon protects you from harm!
  2969 | D:5      | HP: 3/61 [gnoll/+0 spear[a gnoll bouda] (4)]
  2971 | D:5      | Elyvilon protects you from harm!
  2972 | D:5      | HP: 1/61 [hound (3)]
  2973 | D:5      | Elyvilon protects you from harm!
  2977 | D:5      | Reached skill level 5 in Shields
  3144 | D:5      | Reached skill level 6 in Maces & Flails
  3442 | D:5      | Found Jazaogac's Neck Hole.
  3687 | D:6      | Found a snail-covered altar of Cheibriados.
  3748 | D:6      | Reached **** piety under Elyvilon
  3849 | D:6      | Reached XP level 8. HP: 70/70 MP: 7/7
  3895 | D:6      | Reached skill level 7 in Maces & Flails
  3895 | D:6      | HP: 1/68 [wight/+0 battleaxe (6)]
  4470 | D:6      | Reached skill level 8 in Maces & Flails
  4624 | D:7      | Reached ***** piety under Elyvilon
  4635 | D:7      | Reached skill level 1 in Stealth
  4730 | D:7      | Reached XP level 9. HP: 21/78 MP: 8/8
  4984 | D:7      | Found a staircase to the Ecumenical Temple.
  5043 | Temple   | Entered the Ecumenical Temple
  5047 | Temple   | Fell from the grace of Elyvilon
  5047 | Temple   | Became a worshipper of the Shining One
  5047 | Temple   | Reached * piety under the Shining One
  5047 | Temple   | Reached ** piety under the Shining One
  5057 | D:7      | Reached skill level 5 in Dodging
  5072 | D:7      | Reached skill level 9 in Maces & Flails
  5155 | D:7      | Noticed a cyclops
  5163 | D:7      | Killed a cyclops
  5308 | D:7      | Identified the +0 chain mail "Xesumikh" {SInv}
  5634 | D:8      | Reached *** piety under the Shining One
  5678 | D:8      | Reached skill level 10 in Maces & Flails
  5915 | D:8      | Noticed a deep elf pyromancer
  5931 | D:8      | Killed a deep elf pyromancer
  6103 | D:8      | Reached XP level 10. HP: 47/86 MP: 9/9
  6348 | D:8      | Found Bexkin's Magic Scroll Shoppe.
  6536 | D:9      | Reached skill level 11 in Maces & Flails
  6622 | D:9      | Noticed a cyclops
  6627 | D:9      | Killed a cyclops
  6635 | D:9      | Noticed an arcanist
  6639 | D:9      | Killed an arcanist
  6695 | D:9      | Noticed a boulder beetle
  6695 | D:9      | Noticed a death knight
  6695 | D:9      | Noticed a deep elf pyromancer
  6695 | D:9      | Noticed a two-headed ogre
  6700 | D:9      | Killed a two-headed ogre
  6703 | D:9      | Reached skill level 12 in Maces & Flails
  6703 | D:9      | Reached skill level 10 in Armour
  6706 | D:9      | Killed a deep elf pyromancer
  6713 | D:9      | Killed a boulder beetle
  6719 | D:9      | Killed a death knight
  6720 | D:9      | Reached XP level 11. HP: 88/95 MP: 10/10
  6734 | D:9      | Identified the +8 spear "Juobion" {vamp, rCorr Int+6
                  | Stlth+}
  6780 | D:9      | Reached **** piety under the Shining One
  6784 | D:9      | Reached skill level 13 in Maces & Flails
  6788 | D:9      | Noticed a skeletal warrior
  6815 | D:9      | Killed a skeletal warrior
  6842 | D:9      | Noticed Prince Ribbit
  6856 | D:9      | Killed Prince Ribbit
  7292 | D:9      | Identified the +3 scale mail of Infinity {*Corrode rPois
                  | Str+9}
  7468 | D:9      | Found a sparkling altar of Nemelex Xobeh.
  7479 | D:9      | Found a sacrificial altar of Ru.
  7820 | D:10     | Entered Level 10 of the Dungeon
  8002 | D:10     | Reached skill level 14 in Maces & Flails
  8063 | D:10     | Reached skill level 10 in Fighting
  8092 | D:10     | Noticed a catoblepas
  8098 | D:10     | Killed a catoblepas
  8323 | D:10     | Reached ***** piety under the Shining One
  8718 | D:10     | Identified the ring "Woso" {rF+ rN+ Str+6 Stlth+}
  9101 | D:11     | Noticed a boulder beetle
  9108 | D:11     | Killed a boulder beetle
  9109 | D:11     | Reached XP level 12. HP: 90/107 MP: 11/11
  9580 | D:11     | Found a staircase to the Lair.
  9588 | D:11     | Reached skill level 15 in Maces & Flails
  9864 | D:11     | Noticed a boulder beetle
  9871 | D:11     | Killed a boulder beetle
 10187 | D:12     | Noticed a boulder beetle
 10220 | D:12     | Killed a boulder beetle
 10357 | D:12     | Found a runed translucent gate.
 10357 | D:12     | Found a runed translucent gate.
 10357 | D:12     | Found a runed translucent gate.
 10360 | D:12     | Noticed spaghetti's ghost (journeyman NaCK)
 10360 | D:12     | Noticed a boulder beetle
 10361 | D:12     | Noticed a centaur warrior
 10366 | D:12     | Noticed a centaur warrior
 10372 | D:12     | Noticed a two-headed ogre
 10378 | D:12     | Killed a two-headed ogre
 10429 | D:12     | Reached skill level 10 in Shields
 10483 | D:12     | Found a staircase to the Orcish Mines.
 10599 | D:12     | Noticed a boulder beetle
 10614 | D:12     | Killed a boulder beetle
 10666 | D:12     | Mangled by a skeletal warrior

Illustrated notes

Levels and vault maps discovered:
D:1:      dpeg_arrival_fog, layout_basic
D:2:      layout_loops_ring, serial_shops, nicolae_diamond_shop,
          shapermc_ecumenical_altar_rom_forum, basic_altar, uniq_natasha
D:3:      layout_rooms, serial_curves, eino_curves_01, eino_curves_04,
          eino_curves_02, eino_curves_04, hangedman_decor_peaks_small,
          chequers_serial_rivers_micro_d, minmay_misc_feat_pillars,
          kennysheep_generic_room_13
D:4:      layout_loops_corners, minmay_misc_feat_more_columns
D:5:      layout_rooms, nicolae_shop_sticking_my_neck_out
D:6:      layout_gridville, slow_altar_1, chequers_serial_rivers_micro_a,
          corexii_checkpoint
D:7:      layout_cave_pools, temple_pool_b, nicolae_water_bricks
D:8:      layout_basic, serial_shops, shop, guppyfry_early_elven_hall
D:9:      minmay_the_grid_octo_tiled_squarecenter [minmay_the_grid_octo_focus,
          minmay_the_grid_octo_clover, minmay_the_grid_octo_thin_diamonds,
          minmay_the_grid_octo_77, minmay_the_grid_square_5x5_megaprize_open,
          minmay_the_grid_square_5x5_bite,
          minmay_the_grid_square_5x5_beaten_path,
          minmay_the_grid_square_5x5_pentomino_r,
          minmay_the_grid_square_5x5_eight], layout_gridville,
          jmf_multi_god_temple2, uniq_prince_ribbit1
D:10:     layout_stronghold, minmay_increasing_density
D:11:     layout_basic, erik_lair_orcish_takeover, due_unseen_surprise
D:12:     layout_roguey, orc_0_dummy, serial_shops, nicolae_shop_peninsula,
          gammafunk_ghost_split
Temple:   nicolae_temple_bog_church

Skill      XL: |  1  2  3  4  5  6  7  8  9 10 11 12 |
---------------+-------------------------------------+-----
Fighting       | 4 5 6 7 8 10 11 | 11.6
Armour         | 4 5 6 7 9 10 11 | 11.8
Shields        | 4 5 6 7 8 9 10 | 10.3
Maces & Flails | 3 4 5 6 8 10 12 14 15 | 15.2
Dodging        | 1 2 3 4 5 6 7 |  7.6
Stealth        | 1 |  1.7
Invocations    | |  0.3

Action                     |  1- 3 |  4- 6 |  7- 9 | 10-12 || total
---------------------------+-------+-------+-------+-------++-------
  Melee: Flail             |    50 |   100 |   194 |   325 ||   669
         Headbutt          |    11 |    16 |    28 |    78 ||   133
 Invoke: Heal Self         |       |       |     1 |       ||     1
    Use: Scroll            |     1 |     8 |     7 |     4 ||    20
         Potion            |       |       |     1 |     4 ||     5
 Armour: Scale mail        |    38 |    76 |   125 |   168 ||   407
  Dodge: Dodged            |    32 |   103 |   217 |   242 ||   594
         Repelled          |       |       |     1 |     1 ||     2
  Block: Buckler           |    12 |    39 |    74 |   120 ||   245
